Map: 莱瑞拉克之冠

Players

shengy

  • Race: Zerg Zerg
  • League: Platinum

Baca - Winner!

  • Race: Terran Terran
  • League: Platinum

VOD

Have the link to the VOD?

Description

Time

  • Played on: Dec. 31, 2015, 9:35 p.m.
  • Length: 18:47
Show
View Real Time Build Order
Export as new Build Order

shengy Zerg 

Build Orders: Hatch First, Swarm Host, Zergling Baneling 

Get SALT Encoding   

  12  0:01  Drone  
  13  0:09  Drone  
  14  0:19  Overlord  
  14  0:24  Drone, Extractor  
  15  0:38  Drone x2  
  17  0:59  Extractor  
  17  1:00  Hatchery  
  15  1:05  Drone x2  
  15  1:06  Drone  
  18  1:21  Spawning Pool  
  18  1:23  Drone  
  18  1:28  Drone  
  19  1:37  Overlord  
  19  2:09  Queen, Zergling x4  
  19  2:11  Metabolic Boost  
  23  2:19  Overlord  
  23  2:29  Queen  
  25  2:39  Baneling Nest  
  25  2:43  Drone  
  25  2:45  Drone, Queen  
  28  2:59  Overlord  
  28  3:03  Zergling x2  
  28  3:04  Zergling x4  
  31  3:07  Zergling x2  
  32  3:15  Zergling x4  
  34  3:31  Overlord  
  34  3:34  Zergling x8  
  36  3:37  Zergling x2  
  39  3:51  Baneling  
  39  3:52  Baneling x7  
  39  3:56  Zergling x4  
  41  4:06  Overlord  
  41  4:09  Zergling x4  
  34  4:33  Zergling x2  
  34  4:34  Zergling x14  
  41  4:44  Baneling  
  41  4:49  Zergling x8  
  43  4:54  Drone  
  44  5:04  Baneling x3  
  41  5:21  Drone  
  41  5:22  Drone x7  
  41  5:23  Drone  
  50  5:32  Baneling x5  
  50  5:33  Baneling x2  
  50  5:44  Roach Warren  
  50  5:47  Drone x2  
  50  5:55  Burrow  
  50  6:10  Drone x2  
  52  6:13  Extractor  
  52  6:15  Extractor  
  52  6:16  Extractor  
  46  6:27  Overlord  
  46  6:28  Roach x3  
  46  6:30  Roach  
  50  6:43  Roach  
  48  6:48  Roach  
  43  6:57  Roach  
  38  7:06  Zergling x2  
  38  7:07  Zergling x16  
  47  7:42  Roach x6  
  59  7:58  Baneling x6  
  59  8:01  Baneling  
  60  8:05  Drone x2  
  60  8:06  Drone  
  60  8:07  Drone x3  
  65  8:14  Baneling x2  
  65  8:15  Baneling  
  65  8:23  Zergling x2  
  65  8:24  Zergling x4  
  67  8:38  Drone  
  67  8:39  Overlord  
  68  8:41  Overlord  
  68  8:42  Overlord  
  68  9:03  Drone  
  68  9:04  Drone x5  
  74  9:14  Drone x3  
  77  9:17  Drone  
  78  9:29  Drone x3  
  81  9:32  Drone  
  81  9:38  Drone x2  
  84  9:54  Drone x5  
  84  9:55  Drone  
  84  9:56  Overlord  
  78  10:20  Lair  
  77  10:25  Hatchery  
  76  10:39  Ravager x5  
  76  10:40  Ravager x8  
  89  10:44  Drone x3  
  89  10:45  Drone x7  
  99  10:59  Extractor  
  99  11:02  Extractor  
  88  11:28  Infestation Pit  
  88  11:29  Drone x2  
  89  11:41  Overlord x3  
  89  11:48  Spire  
  89  11:52  Evolution Chamber  
  89  11:53  Evolution Chamber  
  86  11:55  Queen  
  88  12:04  Pathogen Glands  
  88  12:05  Hatchery  
  88  12:06  Hive  
  88  12:07  Overlord  
  88  12:08  Extractor  
  83  12:31  Swarm Host x5  
  98  12:38  Zerg Ground Armor Level 1  
  98  12:49  Drone x4  
  98  12:50  Drone x2  
  101  13:09  Drone x3  
  101  13:12  Infestor x4  
  108  13:13  Infestor  
  114  13:22  Queen  
  116  13:43  Ultralisk Cavern  
  115  13:53  Drone x3  
  118  13:57  Queen  
  120  14:03  Adrenal Glands  
  120  14:30  Ultralisk x2  
  132  14:32  Overlord x4  
  132  14:33  Overlord x3  
  132  14:59  Ultralisk Cavern  
  131  15:14  Spire  
  130  15:31  Spire  
  130  15:34  Ultralisk Cavern  
  123  16:11  Overlord  
  123  16:25  Overseer x3  
  123  16:26  Overseer x3  
  123  16:29  Swarm Host, Zergling x2  
  123  16:31  Zergling x2  
  126  16:48  Ultralisk x6  
  126  16:49  Ultralisk x3  
  177  17:05  Lair  
  177  17:06  Chitinous Plating  
  177  17:09  Overseer  
  170  17:43  Infestor  
  170  17:44  Infestor x2  
  176  18:04  Ultralisk  
Show
View Real Time Build Order
Export as new Build Order

Baca Terran - Winner!

Build Orders: Mech 

Get SALT Encoding   

  12  0:02  SCV  
  13  0:14  SCV  
  13  0:21  Supply Depot  
  14  0:26  SCV  
  15  0:42  SCV  
  16  0:44  Barracks  
  16  0:54  SCV  
  17  1:00  Refinery  
  17  1:06  SCV  
  18  1:19  SCV  
  19  1:31  Supply Depot, Orbital Command  
  19  1:33  Marine  
  20  1:51  Marine  
  21  1:56  SCV  
  21  2:01  Command Center  
  22  2:21  Marine  
  23  2:28  Factory, SCV  
  24  2:31  Refinery  
  24  2:46  Marine  
  24  2:47  SCV  
  24  2:50  Supply Depot  
  26  2:55  Factory  
  26  2:59  SCV  
  27  3:10  Marine  
  27  3:11  SCV  
  29  3:16  Factory Tech Lab  
  29  3:20  Factory  
  29  3:31  Barracks  
  29  3:33  Barracks Tech Lab  
  29  3:35  SCV  
  29  3:37  Hellion  
  29  3:38  Factory Reactor  
  32  3:44  Supply Depot  
  32  3:45  Orbital Command  
  32  3:53  Stimpack  
  32  3:55  Marine  
  33  3:57  SCV  
  33  4:02  Hellion  
  36  4:05  Hellion  
  38  4:13  SCV  
  32  4:28  Hellion x4  
  37  4:35  SCV x2  
  25  4:54  Supply Depot x2  
  25  4:55  Hellion  
  25  4:56  Hellion x2  
  25  4:59  Orbital Command  
  19  5:17  Orbital Command  
  19  5:27  Hellion  
  21  5:31  SCV  
  23  5:42  SCV  
  23  5:43  SCV  
  24  5:55  SCV x2  
  26  6:07  SCV x2  
  28  6:19  SCV  
  29  6:59  Factory Tech Lab, Siege Tank  
  32  7:10  Marauder  
  32  7:11  Barracks Tech Lab  
  32  7:13  SCV x2  
  32  7:15  Widow Mine x2  
  40  7:25  SCV x2  
  42  7:37  Siege Tank  
  42  7:39  Hellion  
  42  7:42  SCV x2  
  49  7:52  Widow Mine  
  49  7:53  Widow Mine  
  49  7:54  SCV  
  49  7:56  SCV  
  55  8:03  Command Center  
  55  8:04  Siege Tank  
  58  8:06  SCV  
  58  8:09  SCV  
  60  8:18  SCV  
  61  8:44  SCV  
  61  8:48  Supply Depot  
  62  8:50  Supply Depot  
  62  8:51  Supply Depot  
  62  8:54  Starport  
  62  8:59  Orbital Command  
  62  9:19  Engineering Bay  
  62  9:28  SCV  
  62  9:29  Liberator x2  
  63  9:41  Supply Depot  
  63  9:49  SCV  
  63  9:50  SCV x2  
  72  10:01  SCV  
  72  10:02  SCV  
  64  10:24  Marauder x2  
  64  10:26  Siege Tank  
  64  10:27  Siege Tank  
  74  10:30  SCV x3  
  74  10:32  Liberator  
  77  10:42  SCV x3  
  83  10:54  Refinery  
  83  10:57  Refinery  
  75  11:20  Bunker  
  75  11:44  Supply Depot  
  75  11:50  Supply Depot  
  75  11:51  Liberator x2  
  75  12:05  Siege Tank x2  
  75  12:07  Factory Tech Lab  
  81  12:11  Marauder x2  
  81  12:14  Supply Depot  
  91  13:17  Planetary Fortress  
  91  13:33  Medivac  
  91  13:34  Medivac  
  92  13:35  Marauder x2  
  92  13:36  Terran Infantry Weapons Level 1  
  92  13:38  Supply Depot  
  92  13:40  SCV, Command Center  
  92  13:41  SCV  
  98  13:52  Refinery  
  98  13:53  Siege Tank x2  
  98  13:54  Siege Tank  
  107  13:57  Refinery  
  107  14:01  Armory  
  107  14:06  Marauder x2  
  106  14:29  Marauder  
  106  14:30  Marauder  
  106  14:31  Medivac x2  
  114  14:33  SCV  
  114  14:34  SCV  
  114  14:35  SCV  
  117  14:45  SCV  
  117  14:46  SCV  
  119  14:55  Liberator x2  
  119  15:10  Marauder  
  119  15:11  Marauder  
  123  15:32  Marauder  
  123  15:33  Hellion  
  123  15:34  Hellion x2  
  119  16:01  Terran Infantry Weapons Level 2, Marauder x2  
  119  16:03  Engineering Bay  
  121  16:05  Terran Vehicle Weapons Level 1  
  121  16:07  Thor x3  
  139  16:13  Liberator x2  
  135  16:22  Marauder x2  
  145  16:33  Concussive Shells  
  145  16:35  Terran Infantry Armor Level 1  
  145  16:36  Supply Depot  
  145  16:43  Marauder  
  145  16:44  Marauder  
  151  16:56  Thor  
  151  16:58  Liberator x2  
  149  17:05  Marauder x2  
  159  17:26  Marauder x2  
  149  17:41  Command Center  
Tags
 
Add a new tag
Caveats
  • Supply blocks, unpowered buildings, or Contaminate may cause inaccurate times.
  • Supply counts are checked every 10 seconds.